[Event "ICC tourney 2329 (3 2)"]
[Site "Internet Chess Club"]
[Date "2021.01.22"]
[Round "3"]
[White "Averyyu321"]
[Black "avocuddle"]
[Result "0-1"]
[ICCResult "White forfeits on time"]
[WhiteElo "1713"]
[BlackElo "1961"]
[Opening "Caro-Kann: classical, 6.h4"]
[ECO "B18"]
[NIC "CK.12"]
[Time "22:25:18"]
[PlyCount "108"]
[TimeControl "180+2"]

1. e4 c6 2. d4 d5 3. Nc3 dxe4 4. Nxe4 Bf5 5. Ng3 Bg6 6. h4 h6 7. h5 Bh7 8.
Nf3 Nd7 9. Bd3 Bxd3 10. Qxd3 Ngf6 11. Bd2 e6 12. O-O-O Be7 13. Ne4 Nxe4 14.
Qxe4 Nf6 15. Qe2 Qd5 16. Kb1 O-O-O 17. Qe5 Ng4 18. Qg3 f5 19. c3 Bd6 20.
Qh4 Rhe8 21. Rhe1 Kb8 22. Be3 Be7 23. Qh1 Bf6 24. Bf4+ Ka8 25. Qf1 Qa5 26.
Ne5 Nxe5 27. Bxe5 Bxe5 28. Rxe5 Qc7 29. Qe2 Qf7 30. Rf1 Kb8 31. g4 fxg4 32.
Qxg4 Rd5 33. Qg3 Rxe5 34. Qxe5+ Qc7 35. f4 Qxe5 36. fxe5 Re7 37. Rg1 Kc7
38. Rg6 Kd7 39. Kc2 Rf7 40. Kb3 b6 41. a3 a6 42. Kc4 Kc7 43. b4 Kd7 44. a4
Kc7 45. b5 cxb5+ 46. axb5 a5 47. Rxe6 Kb7 48. Rg6 Rc7+ 49. Kb3 Rf7 50. e6
Re7 51. d5 Kc7 52. c4 Kd6 53. Kc3 Kc5 54. Kb3 Kd6 { White forfeits on time
} 0-1

[Event "ICC tourney 2329 (3 2)"]
[Site "Internet Chess Club"]
[Date "2021.01.22"]
[Round "3"]
[White "TjkTiger"]
[Black "jy2020"]
[Result "0-1"]
[ICCResult "White resigns"]
[WhiteElo "2597"]
[BlackElo "2213"]
[Opening "English: Mikenas-Carls variation"]
[ECO "A18"]
[NIC "EO.57"]
[Time "22:25:12"]
[PlyCount "98"]
[TimeControl "180+2"]

1. c4 Nf6 2. Nc3 e6 3. e4 d5 4. cxd5 exd5 5. e5 Ne4 6. Nf3 Bf5 7. d3 Nxc3
8. bxc3 c5 9. d4 Nc6 10. Bd3 Bxd3 11. Qxd3 cxd4 12. cxd4 Bb4+ 13. Kf1 O-O
14. Ng5 g6 15. h4 Be7 16. Be3 Rc8 17. Rb1 b6 18. Nxh7 Kxh7 19. h5 Rh8 20.
hxg6+ Kg7 21. Ke2 Nb4 22. Qf5 fxg6 23. Qe6 Rc2+ 24. Kf3 Qf8+ 25. Kg3 Rc6
26. Qd7 Qe8 27. Qxa7 Nc2 28. Bg5 Re6 29. Bf6+ Rxf6 30. exf6+ Kxf6 31. Rxb6+
Kf7 32. Rxh8 Qxh8 33. Kf3 Nxd4+ 34. Ke3 Nf5+ 35. Kd2 Qd4+ 36. Kc2 Qxf2+ 37.
Kb3 Qe3+ 38. Kb2 Qd2+ 39. Kb1 Qd3+ 40. Kb2 Nd4 41. Qc7 Qd2+ 42. Kb1 Ne2 43.
Rc6 Qd1+ 44. Kb2 Qd4+ 45. Kb1 Nf4 46. Rc2 Nd3 47. Rd2 Qg1+ 48. Kc2 Qc1+ 49.
Kxd3 Qxc7 { White resigns } 0-1

[Event "ICC tourney 2329 (3 2)"]
[Site "Internet Chess Club"]
[Date "2021.01.22"]
[Round "4"]
[White "Openyagami"]
[Black "jy2020"]
[Result "1-0"]
[ICCResult "Black resigns"]
[WhiteElo "2606"]
[BlackElo "2213"]
[Opening "English: Mikenas-Carls, Flohr variation"]
[ECO "A18"]
[NIC "EO.57"]
[Time "22:34:52"]
[PlyCount "27"]
[TimeControl "180+2"]

1. c4 Nf6 2. Nc3 e6 3. e4 d5 4. e5 d4 5. exf6 dxc3 6. bxc3 Qxf6 7. Nf3 b6
8. Bd3 Bb7 9. Qe2 Nd7 10. Be4 O-O-O 11. Bxb7+ Kxb7 12. a4 a5 13. d4 Ka7 14.
Bg5 { Black resigns } 1-0

[Event "ICC tourney 2329 (3 2)"]
[Site "Internet Chess Club"]
[Date "2021.01.22"]
[Round "4"]
[White "al68067"]
[Black "DualMoneytime"]
[Result "0-1"]
[ICCResult "White checkmated"]
[WhiteElo "1155"]
[BlackElo "1982"]
[Opening "Queen's bishop game"]
[ECO "D00"]
[NIC "QP.08"]
[Time "22:35:02"]
[PlyCount "70"]
[TimeControl "180+2"]

1. d4 d5 2. Bf4 Nf6 3. Nf3 c5 4. c3 Nc6 5. e3 Qb6 6. Qc2 Bf5 7. Qb3 c4 8.
Qxb6 axb6 9. Nbd2 b5 10. Ne5 Nxe5 11. Bxe5 Nd7 12. Bf4 e6 13. Be2 b4 14.
cxb4 Bxb4 15. h3 O-O 16. a3 Ba5 17. b4 cxb3 18. g4 b2 19. Rd1 Bc2 20. Bd6
Bxd1 21. Bxf8 b1=Q 22. O-O Bxd2 23. Rxd1 Qxd1+ 24. Bxd1 Nxf8 25. a4 b5 26.
axb5 Ra1 27. b6 Rxd1+ 28. Kg2 Rb1 29. f3 Rxb6 30. Kf2 Rb2 31. Ke2 Bb4+ 32.
Kd3 Rb3+ 33. Ke2 Nd7 34. h4 Rb2+ 35. Kd3 Rd2# { White checkmated } 0-1

[Event "ICC tourney 2329 (3 2)"]
[Site "Internet Chess Club"]
[Date "2021.01.22"]
[Round "4"]
[White "yogokings12"]
[Black "GGuseinov"]
[Result "0-1"]
[ICCResult "White resigns"]
[WhiteElo "1573"]
[BlackElo "2715"]
[Opening "Sicilian: Hungarian variation"]
[ECO "B27"]
[NIC "SI.43"]
[Time "22:34:53"]
[PlyCount "62"]
[TimeControl "180+2"]

1. e4 c5 2. Nf3 g6 3. d4 cxd4 4. Qxd4 Nf6 5. e5 Nc6 6. Qf4 Nd5 7. Qe4 Nb6
8. Nc3 Bg7 9. Bf4 d5 10. exd6 Bf5 11. dxe7 Bxc3+ 12. bxc3 Bxe4 13. exd8=Q+
Rxd8 14. Rc1 f6 15. Be2 Kf7 16. O-O Nd5 17. Bg3 Nxc3 18. Bc4+ Kg7 19. Rfe1
Rhe8 20. Kf1 g5 21. h3 h5 22. Ng1 b5 23. Bb3 a5 24. a4 bxa4 25. Bc4 a3 26.
Ne2 Nxe2 27. Rxe2 Nb4 28. Rce1 Rd4 29. Bb3 a2 30. Bc7 Bxg2+ 31. Kxg2 Rxe2 {
White resigns } 0-1

[Event "ICC tourney 2329 (3 2)"]
[Site "Internet Chess Club"]
[Date "2021.01.22"]
[Round "4"]
[White "yuanbao2007"]
[Black "Goran21"]
[Result "0-1"]
[ICCResult "White checkmated"]
[WhiteElo "1664"]
[BlackElo "2008"]
[Opening "King's Indian: orthodox, Aronin-Taimanov variation (Yugoslav attack / Mar del Plata variation)"]
[ECO "E97"]
[NIC "KI.15"]
[Time "22:34:57"]
[PlyCount "74"]
[TimeControl "180+2"]

1. d4 Nf6 2. Nf3 g6 3. c4 Bg7 4. Nc3 O-O 5. e4 d6 6. Be2 e5 7. O-O Nc6 8.
d5 Ne7 9. Bg5 h6 10. Bxf6 Bxf6 11. Nd2 Bg7 12. b4 f5 13. f3 f4 14. a4 g5
15. c5 h5 16. cxd6 cxd6 17. Nc4 Rf6 18. Nb5 a6 19. Nc3 Rg6 20. h3 Kh8 21.
b5 Ng8 22. a5 Nh6 23. Kf2 g4 24. hxg4 Qh4+ 25. Kg1 hxg4 26. fxg4 Bxg4 27.
Bf3 Rg8 28. bxa6 bxa6 29. Qe2 Bf8 30. Rf2 Bxf3 31. Qxf3 Rg3 32. Qe2 Ng4 33.
Qxg4 R3xg4 34. Ne2 f3 35. Ng3 Rxg3 36. Ne3 Rh3 37. Nf1 Rh1# { White
checkmated } 0-1

[Event "ICC tourney 2329 (3 2)"]
[Site "Internet Chess Club"]
[Date "2021.01.22"]
[Round "4"]
[White "PearsonH"]
[Black "ChiefDas"]
[Result "1-0"]
[ICCResult "Black resigns"]
[WhiteElo "1752"]
[BlackElo "1857"]
[Opening "Queen's pawn, Mason variation"]
[ECO "D00"]
[NIC "QP.08"]
[Time "22:35:03"]
[PlyCount "47"]
[TimeControl "180+2"]

1. d4 d5 2. Bf4 Nf6 3. e3 c5 4. c3 Nc6 5. Nd2 e6 6. Bd3 Bd6 7. Bg3 a6 8. a4
b6 9. Ngf3 Bb7 10. Qe2 O-O 11. e4 dxe4 12. Nxe4 Bxg3 13. hxg3 Nxe4 14. Bxe4
g6 15. dxc5 bxc5 16. Rd1 Qe7 17. Qe3 f5 18. Bc2 Na5 19. Ng5 h5 20. O-O Nc4
21. Qxe6+ Qxe6 22. Nxe6 Rf6 23. Nxc5 Bc6 24. Bb3 { Black resigns } 1-0

[Event "ICC tourney 2329 (3 2)"]
[Site "Internet Chess Club"]
[Date "2021.01.22"]
[Round "4"]
[White "MChessy"]
[Black "Drachekokosnuss"]
[Result "0-1"]
[ICCResult "White checkmated"]
[WhiteElo "1950"]
[BlackElo "2100"]
[Opening "Ruy Lopez: closed, anti-Marshall 8.a4"]
[ECO "C88"]
[NIC "RL.18"]
[Time "22:35:16"]
[PlyCount "60"]
[TimeControl "180+2"]

1. e4 e5 2. Nf3 Nc6 3. Bb5 a6 4. Ba4 Nf6 5. O-O Be7 6. Re1 b5 7. Bb3 O-O 8.
a4 b4 9. d4 Nxd4 10. Nxd4 exd4 11. Qxd4 c5 12. Qd1 Bb7 13. e5 Ne8 14. Qg4
Nc7 15. Re3 d5 16. Rg3 Ne6 17. Bh6 g6 18. Bxf8 Bxf8 19. Nd2 Bg7 20. Nf3 c4
21. Ba2 Qc7 22. Re1 Rd8 23. Rh3 h5 24. Qh4 d4 25. Rd1 d3 26. cxd3 cxd3 27.
Bxe6 fxe6 28. Ng5 Qxe5 29. Rhxd3 Rxd3 30. Rxd3 Qe1# { White checkmated }
0-1

[Event "ICC tourney 2329 (3 2)"]
[Site "Internet Chess Club"]
[Date "2021.01.22"]
[Round "4"]
[White "Zapateado"]
[Black "HR2005"]
[Result "1-0"]
[ICCResult "Black checkmated"]
[WhiteElo "1908"]
[BlackElo "2041"]
[Opening "English opening"]
[ECO "A16"]
[NIC "EO.64"]
[Time "22:35:04"]
[PlyCount "73"]
[TimeControl "180+2"]

1. c4 Nf6 2. Nc3 g6 3. g3 Bg7 4. Bg2 d6 5. e4 O-O 6. Nge2 e5 7. O-O Nc6 8.
d3 Nd7 9. f4 f5 10. Nd5 Nf6 11. h3 Nxd5 12. cxd5 Ne7 13. Nc3 c5 14. dxc6
bxc6 15. Be3 d5 16. exd5 cxd5 17. Bc5 Be6 18. Bxe7 Qxe7 19. Nxd5 Bxd5 20.
Bxd5+ Kh8 21. Bxa8 Rxa8 22. Qe2 Qc5+ 23. Kh1 Rb8 24. Rac1 Qd5+ 25. Qg2 Qxa2
26. Rc2 exf4 27. Rfc1 h6 28. gxf4 Rb6 29. Rc6 Rxb2 30. R6c2 Rb6 31. Rxa2
Kh7 32. Rxa7 Rd6 33. Rcc7 Rxd3 34. Rxg7+ Kh8 35. Rh7+ Kg8 36. Qxg6+ Kf8 37.
Qf7# { Black checkmated } 1-0

[Event "ICC tourney 2329 (3 2)"]
[Site "Internet Chess Club"]
[Date "2021.01.22"]
[Round "4"]
[White "Purushottam123"]
[Black "baldwinsthename"]
[Result "1-0"]
[ICCResult "Black checkmated"]
[WhiteElo "1700"]
[BlackElo "1272"]
[Opening "Sicilian, Szén (`anti-Taimanov') variation"]
[ECO "B44"]
[NIC "SI.39"]
[Time "22:34:58"]
[PlyCount "71"]
[TimeControl "180+2"]

1. e4 c5 2. Nf3 e6 3. d4 cxd4 4. Nxd4 Nc6 5. Nb5 d5 6. exd5 exd5 7. Qxd5
Qe7+ 8. Be2 a6 9. Nd4 Nxd4 10. Qxd4 Be6 11. O-O Nf6 12. Nc3 Rd8 13. Qa7 g6
14. Bg5 Bg7 15. Ne4 h6 16. Nxf6+ Bxf6 17. Bxf6 Qxf6 18. Qxb7 Bd5 19. Qxa6
Qxb2 20. Bb5+ Kf8 21. Qb6 Kg7 22. Rfd1 Bc4 23. Rdb1 Qxc2 24. Rc1 Qb2 25.
Rab1 Rb8 26. Qxb8 Qxc1+ 27. Rxc1 Rxb8 28. Bxc4 Rb7 29. Bb3 Kf6 30. Rc6+ Kg5
31. h3 f6 32. Kh2 f5 33. g3 Re7 34. Kg2 Re2 35. Bd1 Rxa2 36. h4# { Black
checkmated } 1-0

[Event "ICC tourney 2329 (3 2)"]
[Site "Internet Chess Club"]
[Date "2021.01.22"]
[Round "4"]
[White "woochess"]
[Black "BreatheChessAls"]
[Result "1-0"]
[ICCResult "Black resigns"]
[WhiteElo "2595"]
[BlackElo "1915"]
[Opening "QGD Slav: 4.e3"]
[ECO "D11"]
[NIC "QP.08"]
[Time "22:34:53"]
[PlyCount "115"]
[TimeControl "180+2"]

1. d4 d5 2. Nf3 c6 3. c4 Nf6 4. e3 e6 5. Bd3 Bd6 6. O-O Nbd7 7. b3 Nf8 8.
Bb2 Ng6 9. Nbd2 O-O 10. Re1 b6 11. e4 dxe4 12. Nxe4 Nxe4 13. Bxe4 Bb7 14.
Ne5 Nxe5 15. dxe5 Bc5 16. Qh5 g6 17. Qf3 Qd2 18. Re2 Qd7 19. Bc3 Rad8 20.
Rd2 Qc7 21. Rad1 Rxd2 22. Rxd2 Rd8 23. Rxd8+ Qxd8 24. g3 Bd4 25. Qd3 c5 26.
Bxb7 Qc7 27. Bxd4 cxd4 28. Qe4 d3 29. Kf1 d2 30. Ke2 Qd7 31. Kd1 Kg7 32.
Bc6 Qd8 33. Qe3 Qc7 34. Bf3 Kg8 35. Kxd2 b5 36. cxb5 Qa5+ 37. Qc3 Qxa2+ 38.
Ke3 Qb1 39. h4 Qf1 40. Be2 Qb1 41. h5 gxh5 42. Bxh5 Kg7 43. Bf3 Qf5 44. Be4
Qg5+ 45. Ke2 Qg4+ 46. Qf3 Qg5 47. Qf4 Qh5+ 48. Bf3 Qg6 49. Qg4 Qxg4 50.
Bxg4 f6 51. Bxe6 fxe5 52. Ke3 Kf6 53. Bh3 Ke7 54. Ke4 Kd6 55. Bf1 Ke6 56.
Bc4+ Kd6 57. g4 h6 58. f3 { Black resigns } 1-0

[Event "ICC tourney 2329 (3 2)"]
[Site "Internet Chess Club"]
[Date "2021.01.22"]
[Round "4"]
[White "Fuydestroyer"]
[Black "hggonzalezzss"]
[Result "0-1"]
[ICCResult "White checkmated"]
[WhiteElo "129"]
[BlackElo "1776"]
[Opening "Sicilian: accelerated fianchetto, modern variation"]
[ECO "B34"]
[NIC "SI.33"]
[Time "22:36:49"]
[PlyCount "78"]
[TimeControl "180+2"]

1. e4 c5 2. Nf3 Nc6 3. d4 cxd4 4. Nxd4 g6 5. Nc3 Bg7 6. Be3 d6 7. Ndb5 a6
8. Nd4 Nf6 9. Bd3 O-O 10. O-O Bd7 11. Nf3 Rc8 12. Ne2 b5 13. c3 Na5 14. b4
Nc4 15. Bxc4 Rxc4 16. Nd2 Rc7 17. Rc1 Qa8 18. a3 Nxe4 19. Nxe4 Qxe4 20. Qd2
Rfc8 21. f3 Qe6 22. Bd4 Qb3 23. Bxg7 Kxg7 24. Qd4+ Kg8 25. Rb1 Qxa3 26.
Rfc1 Bf5 27. Ra1 Qb2 28. Ng3 Rc4 29. Qf2 Qxf2+ 30. Kxf2 Be6 31. Ra3 R4c6
32. Ke3 Bc4 33. Kd4 e5+ 34. Ke4 f5+ 35. Nxf5 gxf5+ 36. Kxf5 Kf7 37. h4 Rg8
38. Ke4 Rxg2 39. Ke3 Re2# { White checkmated } 0-1

[Event "ICC tourney 2329 (3 2)"]
[Site "Internet Chess Club"]
[Date "2021.01.22"]
[Round "4"]
[White "muzikmixer"]
[Black "kurumania"]
[Result "0-1"]
[ICCResult "White checkmated"]
[WhiteElo "1633"]
[BlackElo "2514"]
[Opening "Richter-Veresov attack"]
[ECO "D01"]
[NIC "QP.07"]
[Time "22:35:49"]
[PlyCount "54"]
[TimeControl "180+2"]

1. d4 Nf6 2. Nc3 d5 3. Bg5 c6 4. Qd3 g6 5. f3 Qa5 6. O-O-O Bf5 7. e4 dxe4
8. fxe4 Nxe4 9. Nxe4 Bxe4 10. Qxe4 Qxg5+ 11. Kb1 Qd5 12. Qe3 Nd7 13. Nf3
Bg7 14. c4 Qd6 15. Be2 O-O 16. h4 Rfd8 17. h5 c5 18. hxg6 hxg6 19. Qg5 cxd4
20. Qh4 Nf8 21. Ng5 d3 22. Nxf7 Kxf7 23. Rdf1+ Kg8 24. Rxf8+ Kxf8 25. Rf1+
Ke8 26. Bg4 Qd4 27. Re1 Qxb2# { White checkmated } 0-1

[Event "ICC tourney 2329 (3 2)"]
[Site "Internet Chess Club"]
[Date "2021.01.22"]
[Round "4"]
[White "Kyle45"]
[Black "Shakhmatova"]
[Result "1-0"]
[ICCResult "Black checkmated"]
[WhiteElo "1100"]
[BlackElo "1756"]
[Opening "QP counter-gambit (elephant gambit)"]
[ECO "C40"]
[NIC "KP.10"]
[Time "22:34:55"]
[PlyCount "55"]
[TimeControl "180+2"]

1. e4 e5 2. Nf3 d5 3. exd5 e4 4. Nd4 Qxd5 5. Nb3 Nf6 6. Nc3 Qe6 7. g3 c6 8.
h4 Bd6 9. Bh3 Ng4 10. Nd4 Qd7 11. Nxe4 Be7 12. Nb3 f5 13. Bxg4 fxg4 14. O-O
O-O 15. Re1 a5 16. Nbc5 Bxc5 17. Nxc5 Qd5 18. d4 Bf5 19. Re5 Qc4 20. c3 Nd7
21. Nxd7 Bxd7 22. Bf4 Kh8 23. Re7 Bf5 24. Be5 Rg8 25. Qd2 h6 26. Qxh6+ Bh7
27. Rxg7 Qd3 28. Rxh7# { Black checkmated } 1-0

[Event "ICC tourney 2329 (3 2)"]
[Site "Internet Chess Club"]
[Date "2021.01.22"]
[Round "4"]
[White "anmolwarman"]
[Black "ASharikov"]
[Result "0-1"]
[ICCResult "White checkmated"]
[WhiteElo "1187"]
[BlackElo "2281"]
[Opening "English: Caro-Kann defensive system"]
[ECO "A11"]
[NIC "EO.64"]
[Time "22:35:02"]
[PlyCount "86"]
[TimeControl "180+2"]

1. c4 c6 2. d4 d6 3. Nc3 h6 4. g3 g5 5. Nf3 Bg7 6. e4 Nd7 7. Bg2 Nf8 8. d5
c5 9. a3 Ng6 10. Rb1 Nf6 11. b4 Nd7 12. Bb2 g4 13. Nd2 Nge5 14. Ne2 Nd3+
15. Kf1 Nxb2 16. Qc2 a5 17. bxc5 Nxc5 18. Nf4 Nba4 19. Nb3 Nxb3 20. Qxb3
Nc5 21. Qc2 h5 22. Nd3 Qc7 23. Ke2 h4 24. Rhe1 hxg3 25. fxg3 Rxh2 26. Kf1
Bd7 27. e5 Nxd3 28. Qxd3 Bxe5 29. Kg1 Rh5 30. Be4 Qc5+ 31. Kg2 f5 32. Bf3
gxf3+ 33. Qxf3 Rg5 34. Kf1 Qxc4+ 35. Re2 Rxg3 36. Qh5+ Kd8 37. Rxb7 Qc1+
38. Re1 Rg1+ 39. Kxg1 Qxe1+ 40. Kg2 Qg3+ 41. Kh1 Qe1+ 42. Kg2 Qd2+ 43. Kh3
Qh2# { White checkmated } 0-1

[Event "ICC tourney 2329 (3 2)"]
[Site "Internet Chess Club"]
[Date "2021.01.22"]
[Round "4"]
[White "JDD01"]
[Black "marinaxiao"]
[Result "1-0"]
[ICCResult "Black checkmated"]
[WhiteElo "1817"]
[BlackElo "1496"]
[Opening "Sicilian: Pelikan (Lasker/Sveshnikov) variation"]
[ECO "B33"]
[NIC "SI.35"]
[Time "22:35:10"]
[PlyCount "65"]
[TimeControl "180+2"]

1. e4 c5 2. Nf3 Nc6 3. d4 cxd4 4. Nxd4 Nf6 5. Nc3 e5 6. Nf3 Bb4 7. Bd3 d5
8. O-O Bxc3 9. bxc3 dxe4 10. Bb5 exf3 11. Qxf3 Bd7 12. Ba3 a6 13. Ba4 b5
14. Bb3 Rb8 15. Rad1 Ne7 16. Qg3 O-O 17. Qxe5 Ng6 18. Qg3 Re8 19. h4 Nh5
20. Qf3 Nf6 21. Qg3 Ne4 22. Qd3 Bf5 23. Qf3 Qc8 24. h5 Bg4 25. Qxf7+ Kh8
26. hxg6 Bxd1 27. Rxd1 hxg6 28. Qxg6 Nf6 29. Rd4 Re1+ 30. Kh2 Qc7+ 31. g3
Qb7 32. Rh4+ Nh7 33. Qxh7# { Black checkmated } 1-0

[Event "ICC tourney 2329 (3 2)"]
[Site "Internet Chess Club"]
[Date "2021.01.22"]
[Round "4"]
[White "hackerguru"]
[Black "stephenwilly"]
[Result "0-1"]
[ICCResult "White forfeits on time"]
[WhiteElo "1750"]
[BlackElo "1460"]
[Opening "Caro-Kann: anti-Caro-Kann defense"]
[ECO "A11"]
[NIC "EO.64"]
[Time "22:34:53"]
[PlyCount "54"]
[TimeControl "180+2"]

1. c4 c6 2. e4 e6 3. Nc3 d5 4. cxd5 exd5 5. exd5 cxd5 6. d4 Nf6 7. Bg5 Bb4
8. Qb3 Nc6 9. Bb5 O-O 10. Bxc6 Bxc3+ 11. Qxc3 bxc6 12. Nf3 Re8+ 13. Ne5 Ba6
14. Be3 Ne4 15. Qa3 Qb6 16. Nd3 c5 17. dxc5 Qb5 18. Rd1 d4 19. O-O dxe3 20.
fxe3 Nf6 21. Nb4 Bb7 22. Qc3 Rac8 23. Rc1 Ne4 24. Qb3 Nf6 25. c6 Ba8 26.
Qc4 Qxc4 27. Rxc4 a5 { White forfeits on time } 0-1

[Event "ICC tourney 2329 (3 2)"]
[Site "Internet Chess Club"]
[Date "2021.01.22"]
[Round "4"]
[White "JamesS"]
[Black "BlueDuck"]
[Result "1-0"]
[ICCResult "Black resigns"]
[WhiteElo "1364"]
[BlackElo "980"]
[Opening "Sicilian"]
[ECO "B54"]
[NIC "SI.01"]
[Time "22:35:08"]
[PlyCount "53"]
[TimeControl "180+2"]

1. e4 c5 2. Nf3 d6 3. d4 cxd4 4. Nxd4 g6 5. Nc3 Bg7 6. Bc4 Nf6 7. Be3 Ng4
8. Bb5+ Bd7 9. Qxg4 Nc6 10. Qd1 Nxd4 11. Bxd4 Bxb5 12. Bxg7 Rg8 13. Nxb5
Qa5+ 14. Nc3 Rxg7 15. O-O Kd7 16. Nd5 e6 17. Ne3 Ke7 18. b3 f5 19. exf5
gxf5 20. Nc4 Qc5 21. Qf3 Qc7 22. Rad1 d5 23. Ne3 Qc3 24. Rfe1 Rd8 25. Nxf5+
Ke8 26. Rxe6+ Kf8 27. Nh6+ { Black resigns } 1-0

[Event "ICC tourney 2329 (3 2)"]
[Site "Internet Chess Club"]
[Date "2021.01.22"]
[Round "4"]
[White "avocuddle"]
[Black "BMWHero"]
[Result "1-0"]
[ICCResult "Black checkmated"]
[WhiteElo "1961"]
[BlackElo "2580"]
[Opening "QGD: 3.Nc3"]
[ECO "D31"]
[NIC "QP.08"]
[Time "22:35:04"]
[PlyCount "65"]
[TimeControl "180+2"]

1. d4 d5 2. c4 e6 3. Nc3 Bb4 4. Nf3 dxc4 5. e4 b5 6. Bg5 f6 7. Bf4 a6 8.
Be2 Bb7 9. Qc2 c5 10. a3 Ba5 11. dxc5 e5 12. Rd1 Qc8 13. Be3 Ne7 14. O-O
Bxc3 15. Qxc3 Bxe4 16. Nxe5 fxe5 17. Qxe5 Qf5 18. Bh5+ Qxh5 19. Qxh5+ Bg6
20. Qf3 Nbc6 21. Rfe1 Rf8 22. Qg3 Kf7 23. Rd7 Rad8 24. Qd6 Rxd7 25. Qxd7
Bf5 26. Qb7 Bc8 27. Qc7 h6 28. Bf4 Rd8 29. Bd6 Rd7 30. Qb6 Bb7 31. Bxe7
Nxe7 32. Qe6+ Ke8 33. Qg8# { Black checkmated } 1-0

[Event "ICC tourney 2329 (3 2)"]
[Site "Internet Chess Club"]
[Date "2021.01.22"]
[Round "4"]
[White "ConnorGo"]
[Black "Kokosnuss1000"]
[Result "1-0"]
[ICCResult "Black forfeits on time"]
[WhiteElo "1145"]
[BlackElo "1650"]
[Opening "Vienna gambit"]
[ECO "C29"]
[NIC "VG.04"]
[Time "22:35:18"]
[PlyCount "67"]
[TimeControl "180+2"]

1. e4 e5 2. Nc3 Nf6 3. f4 d6 4. fxe5 dxe5 5. Nf3 Bg4 6. d3 Be7 7. Be3 O-O
8. Qe2 Nc6 9. h3 Bh5 10. g4 Bg6 11. g5 Nh5 12. O-O-O f5 13. gxf6 Bxf6 14.
Rg1 Be7 15. Nd5 Nb4 16. Nxb4 Bxb4 17. Nxe5 Qe7 18. Rxg6 Qxe5 19. Rg5 Qe6
20. Rxh5 Qxa2 21. c3 Qa1+ 22. Kc2 Qa4+ 23. Kd2 Rf7 24. Rxh7 Bd6 25. Qh5 Kf8
26. Rh8+ Ke7 27. Bg5+ Kd7 28. Qxf7+ Kc6 29. Rxa8 Qa2 30. Qd5+ Qxd5 31.
exd5+ Kxd5 32. Bg2+ Kc5 33. Be3+ Kb5 34. Rxa7 { Black forfeits on time }
1-0

[Event "ICC tourney 2329 (3 2)"]
[Site "Internet Chess Club"]
[Date "2021.01.22"]
[Round "4"]
[White "Ben2008"]
[Black "Kinawa"]
[Result "0-1"]
[ICCResult "White forfeits on time"]
[WhiteElo "1900"]
[BlackElo "1535"]
[Opening "Caro-Kann: advance variation"]
[ECO "B12"]
[NIC "CK.02"]
[Time "22:35:49"]
[PlyCount "52"]
[TimeControl "180+2"]

1. e4 c6 2. d4 d5 3. e5 c5 4. dxc5 Nc6 5. Nf3 Bg4 6. Be2 e6 7. Bf4 Bxc5 8.
O-O Bxf3 9. Bxf3 Bd4 10. c3 Bxe5 11. Qa4 Bxf4 12. Qxf4 Qf6 13. Qa4 Ne7 14.
Na3 O-O 15. Nb5 a6 16. Nd4 e5 17. Nxc6 bxc6 18. c4 e4 19. Be2 d4 20. Qa3
Nf5 21. Rad1 d3 22. Bg4 Nd4 23. f3 Nc2 24. Qc5 Qh6 25. Rb1 e3 26. Bf5 e2 {
White forfeits on time } 0-1

[Event "ICC tourney 2329 (3 2)"]
[Site "Internet Chess Club"]
[Date "2021.01.22"]
[Round "4"]
[White "ved2006"]
[Black "sarvadh"]
[Result "1-0"]
[ICCResult "Black forfeits on time"]
[WhiteElo "1686"]
[BlackElo "2250"]
[Opening "Queen's pawn: Yusupov-Rubinstein system"]
[ECO "A40"]
[NIC "QO.17"]
[Time "22:34:52"]
[PlyCount "95"]
[TimeControl "180+2"]

1. d4 e6 2. Nf3 Nf6 3. e3 c5 4. c3 d5 5. Nbd2 Nc6 6. b3 b6 7. Bb2 Bb7 8.
Bd3 Be7 9. O-O O-O 10. h3 h6 11. c4 dxc4 12. Nxc4 Ba6 13. Nce5 Nxe5 14.
Nxe5 Bxd3 15. Nc6 Qd7 16. Nxe7+ Qxe7 17. Qxd3 Rfd8 18. Qe2 cxd4 19. Bxd4 e5
20. Bb2 Rac8 21. Rfd1 Rxd1+ 22. Rxd1 Ne4 23. Qd3 Nc5 24. Qd5 e4 25. Ba3 Qe6
26. Qxe6 Nxe6 27. Rc1 Rd8 28. Rc4 Rd1+ 29. Kh2 Rd2 30. Rxe4 Rxa2 31. Bd6
Rxf2 32. Ra4 Re2 33. Rxa7 Rxe3 34. b4 Re2 35. Rb7 Nd4 36. Rxb6 Re6 37. Bc5
Rxb6 38. Bxb6 Ne6 39. Ba5 Nd4 40. Kg3 Kf8 41. Kf4 Ke7 42. Ke4 Nb5 43. Kd5
Kd7 44. Kc5 Nc3 45. b5 Ne4+ 46. Kd5 Nd6 47. b6 Nb7 48. Bb4 { Black forfeits
on time } 1-0

[Event "ICC tourney 2329 (3 2)"]
[Site "Internet Chess Club"]
[Date "2021.01.22"]
[Round "4"]
[White "clair"]
[Black "ZYCON"]
[Result "1-0"]
[ICCResult "Black forfeits on time"]
[WhiteElo "1681"]
[BlackElo "1385"]
[Opening "Queen's pawn: London system"]
[ECO "A45"]
[NIC "QP.07"]
[Time "22:34:56"]
[PlyCount "95"]
[TimeControl "180+2"]

1. d4 Nf6 2. Bf4 d5 3. e3 c5 4. c3 Nc6 5. Nd2 e6 6. Ngf3 Bd6 7. Ne5 O-O 8.
Bd3 cxd4 9. exd4 Qc7 10. Ndf3 Bxe5 11. Bxe5 Nxe5 12. Nxe5 Nd7 13. Nxd7 Bxd7
14. O-O Rfe8 15. Re1 Rad8 16. Qh5 h6 17. Rac1 Bc6 18. Bb1 Qe7 19. Re3 Qg5
20. Qxg5 hxg5 21. Rce1 g6 22. h3 Kg7 23. Re5 Kf6 24. R1e3 Rh8 25. Rf3+ Kg7
26. Rxg5 Rd7 27. Re5 Rh4 28. Kh2 Bb5 29. Kg3 Rh8 30. Kh2 a6 31. Bc2 b6 32.
a3 a5 33. Rfe3 Bc6 34. Bd3 b5 35. Bc2 Rh4 36. Kg3 Rh8 37. Rf3 Rc7 38. Rfe3
Rd7 39. Rf3 Rc7 40. Rfe3 Rd7 41. Bb1 Rc7 42. Rf3 Rd7 43. Kh2 Rc7 44. Rg3
Rd7 45. Reg5 Rh6 46. Re5 Rc7 47. Rg4 Rd7 48. Kg3 { Black forfeits on time }
1-0

[Event "ICC tourney 2329 (3 2)"]
[Site "Internet Chess Club"]
[Date "2021.01.22"]
[Round "4"]
[White "jefferyx"]
[Black "Assured"]
[Result "0-1"]
[ICCResult "White resigns"]
[WhiteElo "2825"]
[BlackElo "2577"]
[Opening "Scandinavian (center counter) defense"]
[ECO "B01"]
[NIC "SD.02"]
[Time "22:35:49"]
[PlyCount "58"]
[TimeControl "180+2"]

1. e4 d5 2. exd5 Qxd5 3. Nc3 Qd8 4. d4 c6 5. Bg5 Bf5 6. Qd2 Nf6 7. O-O-O e6
8. f3 h5 9. Nge2 Nbd7 10. Ng3 Bg6 11. Bd3 Bxd3 12. Qxd3 Qa5 13. h4 Bb4 14.
Rhe1 Bxc3 15. bxc3 O-O-O 16. Qc4 Nb6 17. Qb3 Rd5 18. c4 Rxg5 19. hxg5 Qxg5+
20. f4 Qxf4+ 21. Kb1 Nxc4 22. Qxc4 Qxg3 23. Re5 Qxg2 24. Qc5 Kb8 25. Rg5
Qe2 26. Rd3 g6 27. Qe7 Qf1+ 28. Kb2 Nd5 29. Rb3 Nxe7 { White resigns } 0-1